 Dungeon Crawl Stone Soup version 0.26.0-10-g1f06aea511 (webtiles) character file.

Game seed: 18075382759935317120

25 MajorAdolf the Covered (level 3, 31/31 HPs)
             Began as a Naga Wanderer on Feb 7, 2021.
             Quit the game on level 1 of the Dungeon.
             The game lasted 00:00:34 (592 turns).

MajorAdolf the Covered (Naga Wanderer)               Turns: 592, Time: 00:00:35

Health: 31/31      AC:  4    Str: 14    XL:     3   Next: 4%
Magic:  3/3        EV:  8    Int: 11    God:
Gold:   15         SH:  0    Dex: 12    Spells: 2/2 levels left

rFire    . . .     SeeInvis +   a - +2 shortbow
rCold    . . .     Faith    .   (shield currently unavailable)
rNeg     . . .     Spirit   .   d - +0 ring mail
rPois    +         Reflect  .   (no helmet)
rElec    .         Harm     .   (no cloak)
rCorr    .         Rampage  .   (no gloves)
Will     .....                  (no barding)
Stlth    +.........             (no amulet)
HPRegen  0.10/turn              (no ring)
MPRegen  0.08/turn              (no ring)

@: very slow
A: large, see invisible, deformed body, poison resistance, slowness 2, spit
poison 1, AC +1
a: Spit Poison


You were on level 1 of the Dungeon.
You visited 1 branch of the dungeon, and saw 1 of its levels.

You collected 15 gold pieces.

Inventory:

Hand Weapons
 a - a +2 shortbow (weapon)
 c - a +0 falchion
Missiles
 b - 34 arrows (quivered ammo)
Armour
 d - a +0 ring mail (worn)
Scrolls
 f - 2 scrolls of identify {unknown}
 i - a scroll of magic mapping {unknown}
 l - a scroll of noise {unknown}
 m - a scroll of remove curse {unknown}
Potions
 e - a potion of brilliance {unknown}
 g - a potion of might {unknown}
 h - a potion of heal wounds {unknown}
 j - 2 potions of degeneration {unknown}
 k - a potion of berserk rage {unknown}


   Skills:
 + Level 1.1 Fighting
 + Level 2.4 Long Blades
 + Level 2.3 Bows
 + Level 2.7 Armour
 - Level 0.1 Dodging
 + Level 1.5 Stealth
 + Level 1.0 Shields


You had 2 spell levels left.
You didn't know any spells.
Your spell library was empty.

Dungeon Overview and Level Annotations

Branches:
Dungeon (1/15)

Altars:


Innate Abilities, Weirdness & Mutations

You cannot wear boots.
Your serpentine skin is tough. (AC +1)
You have supernaturally acute eyesight. (SInv)
Armour fits poorly on your strangely shaped body.
Your system is resistant to poisons. (rPois)
You cover ground very slowly.
You can spit poison.


Message History

You open the door.
A goblin comes into view. It is wielding a +0 club.
There is an open door here.
A goblin is nearby!
A goblin is nearby!
You shoot an arrow. The arrow hits the goblin!
You kill the goblin!
No target in view!
No target in view!
No target in view!
b - 34 arrows (gained 1)
Things that are here:
a +0 club; a goblin corpse
Things that are here:
a +0 club; a goblin corpse You open the door.
There is an open door here.
A bat comes into view.
A bat is nearby!
Are you sure you want to abandon this character and quit the game? (Confirm with "yes".)

.'.....#####+#######+####
####### .#####+## #.#
#...... ........# #.#
#...... ........###
#######.######......
........+ ..
....................
........#
#.#######.....)#######
.........
#..............#
#########
#.....####'#'### #....@#
#.#.# ## #.....# #.#.# .#
#.....# #.#.# #### .#
#...... #.#.# #... .#
#.#..## #.#.# #...
######## #.... #.#.# #...
#.....# #.#.. #.#.# ####
#.....# #b########'#.#
#.....# ..........##


You could see a bat (asleep).

Vanquished Creatures
  A dart slug (D:1)
  A ball python (D:1)
  2 bats (D:1)
  5 giant cockroaches (D:1)
  3 goblins (D:1)
  2 hobgoblins (D:1)
  3 kobolds (D:1)
  A rat (D:1)
18 creatures vanquished.

Notes
Turn   | Place    | Note
-------+----------+-------------------------------------------
     0 | D:1      | MajorAdolf the Naga Wanderer began the quest for the Orb.
     0 | D:1      | MajorAdolf set off with the following items: a +2 shortbow,
                  | 27 arrows, a +0 falchion, a +0 ring mail
     0 | D:1      | Reached XP level 1. HP: 18/18 MP: 1/1
   162 | D:1      | Reached XP level 2. HP: 22/25 MP: 2/2
   473 | D:1      | Reached XP level 3. HP: 31/31 MP: 3/3
   592 | D:1      | Quit the game

Illustrated notes

Levels and vault maps discovered:
D:1:      dpeg_arrival_rhombus, layout_basic

Skill      XL: |  1  2 |
---------------+-------+-----
Bows           | 2 |  2.3
Fighting       | |  1.1
Long Blades    | |  2.4
Armour         | |  2.7
Dodging        | |  0.1
Stealth        | |  1.5
Shields        | |  1.0

Action                   || total
-------------------------++-------
 Fire: Shortbow          ||    43
Armor: Ring mail         ||    11
Dodge: Dodged            ||    14
